AoeStats
← tbzachary

Marketplace

505360992Analyzed
1v1 RM · 25d ago on Sep 9, 2026· 49m 19s· 2 players
Game mode
Random Map
Map size
Tiny (2 player)
Population
200
Speed
Normal
Resources
Standard
Victory
Conquest
Starting age
Dark Age
Ending age
Imperial Age
RankedLock teamsTeams togetherTeam positionsShared explorationLock speedFull tech treeHidden civsTurbo modeCheats
Victory
Defeat
🇺🇸 Ethiopians · United States
730
+18
🇺🇸 Berbers · United States
763
-36
tbzachary
11:49 Feudal Age
12:24 Loom
15:39 Double-Bit Axe
19:44 Castle Age
18:24 Scale Mail Armor
18:15 Horse Collar
19:43 Forging
21:50 Iron Casting
21:24 Squires
23:01 Bow Saw
24:16 Man-at-Arms
25:21 Long Swordsman
28:20 Royal Heirs
30:18 Heavy Plow
32:01 Wheelbarrow
32:34 Scale Barding Armor
32:45 Chain Mail Armor
33:56 Husbandry
35:27 Chain Barding Armor
35:24 Chain Mail Armor
41:00 Caravan
43:24 Murder Holes
46:18 Imperial Age
44:38 Gold Mining
46:17 Herbal Medicine
49:02 Ballistics
49:42 Chemistry
49:50 Plate Mail Armor
50:21 Blast Furnace
jhernandez99
12:45 Feudal Age
15:43 Man-at-Arms
17:04 Scale Mail Armor
25:16 Castle Age
25:35 Scale Barding Armor
25:26 Long Swordsman
28:34 Wheelbarrow
34:37 Chain Barding Armor
50:42 Imperial Age
Connection lost

Rejoining the realm…

Still unreachable

The connection could not be restored.

Session expired

The server has moved on; the page needs a fresh start.